 Dungeon Crawl Stone Soup version 0.29-a0-824-gd827844252 (webtiles) character file.

Game seed: 8515353970821010297

163 jimonade the Trooper (level 5, -6/41 HPs)
             Began as a Djinni Fighter on July 9, 2022.
             Was an Initiate of Okawaru.
             Mangled by an iguana (11 damage)
             ... on level 5 of the Dungeon.
             The game lasted 00:07:36 (4901 turns).

jimonade the Trooper (Djinni Fighter)               Turns: 4901, Time: 00:07:37

Health: -6/41      AC: 10    Str: 15    XL:     5   Next: 73%
Gold:   129        EV:  6    Int: 11    God:    Okawaru [......] SH:  5 Dex: 13

rFire   + + .      SeeInvis .   a - +0 long sword
rCold   x . .      Faith    .   c - +0 buckler
rNeg    . . .      Spirit   .   e - +0 chain mail
rPois   ∞          Reflect  .   (no helmet)
rElec   .          Harm     .   (no cloak)
rCorr   .          Rampage  .   t - +0 pair of gloves
Will    +....                   (boots unavailable)
Stlth   ..........              (no amulet)
HPRegen 0.13/turn               B - ring of willpower
MPRegen 0.00/turn               (no ring)

@: flying
A: sickness immunity, fire resistance 2, cold vulnerability 1, float, innate
caster, HP casting, extra vitality 1
a: Renounce Religion


You were on level 5 of the Dungeon.
You worshipped Okawaru.
Okawaru was noncommittal.
You visited 1 branch of the dungeon, and saw 5 of its levels.

You collected 129 gold pieces.

Inventory:

Hand Weapons
 a - a +0 long sword (weapon)
 o - a +1 short sword of draining
 s - a +0 morningstar
 v - a +0 spear
 x - a +0 whip of electrocution
 A - a +0 quarterstaff
 C - a +2 trident of protection
 E - a +0 long sword
Missiles
 h - 57 stones (quivered)
 r - 5 boomerangs
 F - 12 poisoned darts
 G - 6 javelins
Armour
 b - a +0 scale mail
 c - a +0 buckler (worn)
 e - a +0 chain mail (worn)
 g - a +0 ring mail
 t - a +0 pair of gloves (worn)
 y - a +1 robe of willpower
Jewellery
 B - a ring of willpower (left hand)
Scrolls
 i - 6 scrolls of identify {unknown}
 l - 6 scrolls of teleportation {unknown}
 m - 3 scrolls of poison {unknown}
 n - 2 scrolls of enchant armour {unknown}
 q - 2 scrolls of noise {unknown}
 u - 2 scrolls of vulnerability {unknown}
Potions
 d - 4 potions of might
 f - 2 potions of haste {unknown}
 j - a potion of attraction {unknown}
 k - 4 potions of curing {unknown}
 p - 3 potions of brilliance {unknown}
 w - a potion of degeneration {unknown}
 z - 2 potions of heal wounds {unknown}
 D - a potion of berserk rage {unknown}


   Skills:
 * Level 3.7 Fighting
 + Level 2.9 Long Blades
 + Level 3.6 Armour
 + Level 0.8 Dodging
 + Level 3.7 Shields
 * Level 1.0 Spellcasting


You had 3 spell levels left.
You knew the following spells:

 Your Spells              Type           Power      Damage    Failure   Level
a - Shock                 Conj/Air       8%         1d3       99%         1
b - Static Discharge      Conj/Air       2%         3-4/arc   100%        2
Your spell library was empty.


Dungeon Overview and Level Annotations

Branches:
Dungeon (5/15)
 Temple: D:4-7

Altars:
Okawaru
Trog

Annotations:
D:3 2 runed translucent doors, tabstorm's ghost, weakling MeFE


Innate Abilities, Weirdness & Mutations

You are immune to sickness and miasma.
You are immune to poison.
Your flesh is very heat resistant. (rF++)
You are vulnerable to cold. (rC-)
You float through the air rather than walking.
You learn spells naturally, not from books.
Your magical power is your life essence.
You have superior vitality. (+4 MHP)


Message History

An iguana comes into view.
Found 10 gold pieces.
The iguana hisses angrily.
You barely miss the iguana.
The iguana hisses menacingly.
The iguana bites you. The iguana bites you!
You slash the iguana!
The iguana is heavily wounded.
The iguana barely misses you.
You hit the iguana.
The iguana is severely wounded.
The iguana bites you but does no damage. x2
You hit the iguana.
The iguana is almost dead.
The iguana bites you.
You hit the iguana but do no damage.
The iguana is almost dead.
The iguana bites you!
You hit the iguana but do no damage.
The iguana is almost dead.
The iguana bites you but does no damage.
You barely miss the iguana.
The iguana is almost dead.
The iguana bites you. The iguana bites you!
* * * LOW HITPOINT WARNING * * *
You are too injured to fight recklessly!
You are too injured to fight recklessly!
You hit the iguana but do no damage.
The iguana is almost dead.
You block the iguana's attack.
You hit the iguana but do no damage.
The iguana is almost dead.
The iguana closely misses you.
You closely miss the iguana.
The iguana is almost dead.
You block the iguana's attack.
You closely miss the iguana.
The iguana is almost dead.
You block the iguana's attack. The iguana bites you!
You die...

##############.#
.....$...@l....#
######.##.##..#
#<# .# #.# ..
#.# ### #.# #..
###


You could see an iguana.

Vanquished Creatures
  An iguana (D:4)
  3 adders
  An ufetubus (D:4)
  5 worms
  5 dart slugs
  6 orcs (D:4)
  6 bats
  7 endoplasms
  A giant cockroach (D:3)
  6 hobgoblins
  2 jackals (D:1)
  7 quokkas
  3 ball pythons
  3 frilled lizards
  6 goblins
  6 kobolds
  5 rats
73 creatures vanquished.

Notes
Turn   | Place    | Note
-------+----------+-------------------------------------------
     0 | D:1      | jimonade the Djinni Fighter began the quest for the Orb.
     0 | D:1      | Reached XP level 1. HP: 20/20 MP: 0/0
   211 | D:1      | Reached XP level 2. HP: 22/25 MP: 0/0
   581 | D:1      | Reached XP level 3. HP: 26/30 MP: 0/0
   581 | D:1      | Learned a level 1 spell: Shock
  1282 | D:2      | Reached XP level 4. HP: 28/35 MP: 0/0
  1449 | D:2      | Found a faded altar of an unknown god.
  1926 | D:2      | You are sucked into a shaft and drop 1 floor!
  2136 | D:3      | Found a runed translucent door.
  2444 | D:3      | Noticed tabstorm's ghost (weakling MeFE)
  2444 | D:3      | Noticed a bullfrog
  2755 | D:3      | Found an iron altar of Okawaru.
  2770 | D:3      | Became a worshipper of Warmaster Okawaru
  2899 | D:3      | Found a runed translucent door.
  3198 | D:4      | Reached XP level 5. HP: 6/41 MP: 0/0
  3198 | D:4      | Learned a level 2 spell: Static Discharge
  4340 | D:4      | Found a bloodstained altar of Trog.
  4635 | D:4      | Reached skill level 1 in Spellcasting
  4855 | D:5      | Entered Level 5 of the Dungeon
  4855 | D:5      | Noticed a phantom
  4901 | D:5      | Mangled by an iguana

Illustrated notes

Levels and vault maps discovered:
D:1:      dpeg_arrival_boxorama, layout_loops_ring, minmay_small_reverse_x
D:2:      layout_basic, ebering_ecumenical_altar_box, hangedman_decor_riveting
D:3:      layout_rooms, old_standard_altar, ebering_ghost_sewer_f
D:4:      layout_loops_corners, trog_butcher_becter, nicolae_wormholes
D:5:      layout_loops_cross, ashenzari_conservatory_becter

Skill      XL: |  1  2  3  4  5 |
---------------+----------------+-----
Long Blades    | 2 |  2.9
Spellcasting   | 1 |  1.0
Fighting       | |  3.7
Armour         | |  3.6
Dodging        | |  0.8
Shields        | |  3.7

Action                   |  1- 3 |  4- 6 || total
-------------------------+-------+-------++-------
Melee: Long sword        |    91 |   176 ||   267
Armor: Chain mail        |    60 |   109 ||   169
Dodge: Dodged            |    24 |    46 ||    70
Block: Buckler           |    18 |    55 ||    73

Table legend: (Time is in decaauts)
 A = Elapsed time spent in this place.
 B = Non-inter-level travel time spent in this place.
 C = Inter-level travel time spent in this place.
 D = Time resting spent in this place.
 E = Time spent auto-exploring this place.
 F = Levels seen in this place.
 G = Mean time per level.
                   A        B        C        D        E       F      G
               +--------+--------+--------+--------+--------+-----+--------+
         Total |   4990 |   4764 |    226 |    781 |   3037 |   5 |  998.0 |
       Dungeon |   4990 |   4764 |    226 |    781 |   3037 |   5 |  998.0 |
               +--------+--------+--------+--------+--------+-----+--------+

Top non-repeatable levels by time:
     D:2: 1579 daAuts
     D:4: 1461 daAuts
     D:1: 1136 daAuts
     D:3: 794 daAuts
     D:5: 18 daAuts
